 Dungeon Crawl Stone Soup version 0.19-a0-1834-g6b7851e (webtiles) character file.

334249 Pr0man the Warrior (level 21, -39/126 HPs)
             Began as a Vine Stalker Monk on Oct 9, 2016.
             Was a High Priest of Okawaru.
             Killed from afar by a crystal guardian (49 damage)
             ... with a crystal bolt
             ... summoned by a boggart
             ... on level 2 of the Vaults.
             The game lasted 02:03:40 (38953 turns).

Pr0man the Warrior (Vine Stalker Monk)             Turns: 38953, Time: 02:03:41

Health: -39/126    AC: 36    Str: 21    XL:     21   Next: 83%
Magic:  0/27       EV: 14    Int: 14    God:    Okawaru [*****.]
Gold:   5652       SH: 19    Dex: 22    Spells: 0 memorised, 20 levels left

rFire  + . .     SeeInvis .       - Unarmed
rCold  . . .     Gourm    .     K - +7 plate armour of Seewy {+Inv +Fly MR+ Dex+4}
rNeg   . . .     Faith    .     t - +2 shield {AC+3}
rPois  +         Spirit   +     f - +2 hat {MR+}
rElec  .         Dismiss  .     U - +2 cloak {MR+}
rCorr  .         Reflect  .     H - +1 pair of gloves {archery}
MR     +++++     Harm     .     i - +0 pair of boots
Stlth  ..........               d - amulet of regeneration
                                n - ring "Rezibrisidgh" {rPois Int+4}
                                e - ring of protection from fire

@: about to teleport, heroism, finesse
A: fangs 3, clumsy 1, regeneration 2, screaming 1, magic shield, antimagic bite,
no device heal 3, rot immunity
a: Heroism, Finesse, Renounce Religion, Evoke Invisibility, Evoke Flight
}: 2/15 runes: decaying, gossamer


You were on level 2 of the Vaults.
You worshipped Okawaru.
Okawaru was extremely pleased with you.
You were not hungry.

You visited 9 branches of the dungeon, and saw 39 of its levels.
You visited the Abyss 1 time.
You also visited: Labyrinth, Trove, Ice Cave and Volcano.

You collected 6570 gold pieces.
You spent 918 gold pieces at shops.

Inventory:

Hand Weapons
 a - the +9 hunting sling of the Pit {velocity, rN++}
   (Okawaru gifted it to you on level 6 of the Lair of Beasts)

   Any stone fired from it inflicts extra damage.
   It greatly protects you from negative energy.
Missiles
 b - 299 sling bullets
Armour
 f - a +2 hat of magic resistance (worn)
   (You acquired it on level 3 of the Lair of Beasts)
 i - a +0 pair of boots (worn)
 t - a +2 shield of protection (worn)
   (Okawaru gifted it to you on level 2 of the Spider Nest)
 H - a +1 pair of gloves of archery (worn)
   (Okawaru gifted it to you on level 4 of the Spider Nest)
 K - the +7 plate armour of Seewy (worn) {+Inv +Fly MR+ Dex+4}
   (You found it on level 6 of the Dungeon)

   It affects your dexterity (+4).
   It affects your resistance to hostile enchantments.
   It lets you turn invisible.
   It lets you fly.
 U - a +2 cloak of magic resistance (worn)
   (You found it on level 3 of the Elven Halls)
Jewellery
 d - an amulet of regeneration (around neck)
 e - a ring of protection from fire (left hand)
 l - an uncursed ring of positive energy {unknown}
 n - the ring "Rezibrisidgh" (right hand) {rPois Int+4}
   (You found it on level 13 of the Dungeon)

   [ring of intelligence]

   It affects your intelligence (+4).
   It protects you from poison.
Wands
 k - a wand of teleportation (2/9) {!d}
 p - a wand of enslavement (9/24)
 q - a wand of teleportation (1/9) {!d}
 w - a wand of digging (14/24)
 Y - a wand of teleportation (3/9) {!d}
Scrolls
 g - 7 scrolls of blinking
 m - 10 scrolls of fear {!r}
 r - 16 scrolls of remove curse
 u - 6 scrolls of recharging
 z - 4 scrolls of magic mapping {!r}
 O - 3 scrolls of fog
 P - 4 scrolls of identify
 Q - 5 scrolls of teleportation {!r}
 W - 3 scrolls of summoning {!r}
Potions
 c - 6 potions of brilliance {!q}
 h - a potion of cure mutation {!q}
 j - 6 potions of ambrosia
 o - 3 potions of invisibility {!q}
 s - 4 potions of berserk rage
 v - 3 potions of curing
 D - 8 potions of might {!q}
 G - 6 potions of haste {!q}
 R - 5 potions of agility {!q}
 S - a potion of resistance {!q}
Miscellaneous
 N - 2 sacks of spiders
 X - a box of beasts
Comestibles
 x - a chunk of flesh
 A - 14 meat rations {!e}
 B - 9 bread rations {!e}
 E - 2 royal jellies
 I - 8 slices of pizza
 M - 55 fruits
 V - 9 beef jerkies


   Skills:
 - Level 19.5(24.5) Fighting
 - Level 7.3(12.3) Slings
 + Level 9.0(14.0) Armour
 - Level 5.0(10.0) Dodging
 - Level 2.4(7.4) Stealth
 - Level 16.4(21.4) Shields
 - Level 19.0(24.0) Unarmed Combat
 - Level 7.2 Invocations


You had 20 spell levels left.
You didn't know any spells.

Dungeon Overview and Level Annotations

Branches:
Dungeon (15/15)            Temple (0/1) D:7            Lair (6/6) D:8
  Swamp (4/4) Lair:3       Spider (4/4) Lair:3        Slime (2/5) Lair:5
    Orc (2/2) D:12            Elf (3/3) Orc:2        Vaults (2/5) D:13
  Crypt (0/3) Vaults:2     Depths (1/5) D:15

Altars:
Okawaru
Ru
Xom
The Shining One
Beogh

Shops:
D:10 !   D:15 *   Orc:2 *!}[   Elf:3 (   Vaults:1 *

Portals:
Hell: Depths:1
Pandemonium: Orc:2

Annotations:
Lair:6 2 runed doors
Elf:1 exclusion: orange crystal statue


Innate Abilities, Weirdness & Mutations

You have razor-sharp teeth.
You heal very quickly.
When hurt, damage is shared between your health and your magic reserves.
Your bite disrupts and absorbs the magic of your enemies.
Potions and wands cannot restore your health.
You are immune to rotting.
You are clumsy. (Dex -2)
You occasionally shout uncontrollably at your foes.


Message History

The brown ugly thing is lightly wounded.
The brown ugly thing tentacle-slaps you!
You are splashed with acid!
The acid burns!
Damage: 14 (max 27)
You hit the brown ugly thing but do no damage.
Your bite misses the brown ugly thing.
The brown ugly thing is lightly wounded.
The cyclops hits you but does no damage.
You squash the brown ugly thing like an ant!!!
You kill the brown ugly thing!
The brown ugly thing's corpse dissolves into shadows!
You hit the crystal guardian.
You bite the crystal guardian, but do no damage.
The crystal guardian is lightly damaged.
The boggart casts a spell.
The boggart flickers and vanishes!
You hear some strange, mumbled words.
The vault warden activates a sealing rune.
The doors slam shut!
You hit the crystal guardian but do no damage.
The crystal guardian is lightly damaged.
You pummel the cyclops!!
The cyclops is severely wounded.
The crystal guardian fires a crystalline bolt at you.
The crystal bolt freezes you! x2
* * * LOW HITPOINT WARNING * * *
Damage: 34 (max 34) Unknown command.
Okay, then.
Okay, then.
Really read
Q - 6 scrolls of teleportation {!r}?
As you read the scroll of teleportation {!r}, it crumbles to dust.
You feel strangely unstable.
The vault sentinel blows a loud note on a signal horn!
The cyclops hits you!
* * * LOW HITPOINT WARNING * * *
The vault sentinel blows a loud note on a signal horn!
The crystal guardian fires a crystalline bolt at you.
The crystal bolt misses you. The crystal bolt freezes you!
* * * LOW HITPOINT WARNING * * *
Damage: 43 (max 43)
You beat the cyclops into a bloody pulp!!!
You kill the cyclops!
Okawaru accepts your kill.
A vault warden opens the door.
You block the vault sentinel's attack.
A yaktaur comes into view.
The yaktaur shouts!
The crystal guardian fires a crystalline bolt at you.
The crystal bolt misses you. The crystal bolt freezes you!
You die...

.....................,,,,,,,,,,*
............guu..§...,,,,,,,,,,*
............uu.g.u.g.,,,,,,,,,,**
#############'#####+###***+******
#..###,,...,,,,,,,,,**
#.u#.#,c..**,,,,,,,,*,
#.u8###p#,**,,,,,,,,*,
####.p'.#,**,,,,,,,,+,
#.p)@###.#*,,,,,,,,*,
*#p###+...#*,,,,,,,,**
#Cp,#.#...#*,,,,,,,,**
#..,##*...#*,,,,,,,,** **###+*
*#..#*,,,,,,,,** *,.Cp,*
*.##*,,,,,,,,+, *#..p**
*.#********,,*, #...*
*,.,,,,,,,,,**, **+**
**#**,⌠,******,


You could see 2 vault wardens, 2 ugly things, a crystal guardian, 2 vault
sentinels and a yaktaur.

Vanquished Creatures
  Arachne (Spider:2)
  A hellephant (Abyss:3)
  Rupert (D:13)
  2 deep elf blademasters
  The ghost of dobroeutro the Bludgeoner, an adept GrFi of Okawaru (Elf:2)
  Frances (D:14)
  2 acid blobs (Slime:1)
  A deep elf master archer (Elf:3)
  A sphinx (Vaults:1)
  Agnes (Elf:2)
  3 tentacled starspawn (Abyss:3)
  A thorn hunter (Swamp:4)
  Donald (Spider:1)
  A tengu reaver (D:13)
  An azure jelly (Slime:1)
  A frost giant (D:13)
  An iron dragon (Depths:1)
  9 deep elf sorcerers (Elf:3)
  5 vault wardens
  4 ghouls (Swamp:1)
  2 ghost moths (Spider:4)
  4 emperor scorpions
  A deep elf elementalist (Elf:3)
  4 stone giants
  3 entropy weavers
  3 very ugly things
  The ghost of braks the Arsonist, a journeyman HOFE of Sif Muna (Lair:6)
  Azrael (D:13)
  5 deep elf annihilators (Elf:3)
  4 deep elf demonologists (Elf:3)
  A spark wasp (Spider:4)
  2 ettins
  2 deep elf death magi (Elf:3)
  A minotaur (Lab)
  2 yaktaur captains (Vaults:1)
  2 rakshasas
  3 deep elf high priests
  28 hydras
  4 vault guards
  Harold (D:12)
  6 great orbs of eyes
  2 ice dragons
  A ghost crab (Swamp:3)
  An alligator (Swamp:3)
  A death knight (Vaults:1)
  A death yak (shapeshifter) (Vaults:1)
  10 centaur warriors
  4 ogre magi
  28 dancing weapons
  4 tengu warriors
  A sun demon (Abyss:3)
  7 orc high priests (Orc:2)
  2 wretched stars (Abyss:3)
  10 hell knights (Depths:1)
  19 deep elf knights
  5 large abominations (Abyss:3)
  A skeletal warrior (D:13)
  7 unseen horrors
  An infernal demonspawn (Orc:2)
  9 swamp dragons
  7 hill giants
  A spatial maelstrom (Abyss:3)
  A flayed ghost (D:13)
  5 shambling mangroves
  4 necromancers
  3 ironbrand convokers (Vaults:1)
  A deep troll (D:15)
  10 deep elf archers
  10 orc knights
  A lindwurm (Lair:6)
  5 orc sorcerers (Orc:2)
  14 orb spiders
  56 deep elf magi
  20 wolf spiders
  A shining eye (Slime:2)
  18 ugly things
  2 manticores (D:14)
  A stone giant zombie (Depths:1)
  2 moths of wrath
  A worldbinder (Abyss:3)
  2 vault sentinels (Vaults:1)
  5 cyclopes
  6 black mambas
  4 molten gargoyles
  17 spiny frogs
  An elephant (shapeshifter) (Elf:2)
  A smoke demon (Abyss:3)
  A torpor snail (Lair:4)
  5 gargoyles
  An eye of devastation (Slime:1)
  2 orange demons
  5 spectral swamp worms (Depths:1)
  A freezing wraith (Vaults:1)
  A rime drake (Lair:4)
  14 komodo dragons
  11 demonic crawlers
  13 yaktaurs
  5 hellwings
  A jumping spider (shapeshifter) (Depths:1)
  A tengu conjurer (Depths:1)
  A meliai (D:15)
  2 ancient zymes (Abyss:3)
  The ghost of Pr0man the Ruffian, a novice VSMo (D:5)
  A merfolk (D:11)
  A queen bee (D:11)
  A red devil (Orc:2)
  2 trolls
  11 two-headed ogres
  3 tyrant leeches
  A polar bear (Lair:6)
  34 jumping spiders
  A tyrant leech (shapeshifter) (Vaults:1)
  15 hornets
  13 bog bodies
  A meliai zombie (D:14)
  3 raiju (Abyss:3)
  51 slime creatures
  3 blink frogs (Lair:5)
  6 hippogriffs
  63 redbacks
  A fire dragon skeleton (Depths:1)
  9 shadows
  A vampire (D:15)
  A spriggan (shapeshifter) (Vaults:1)
  A dire elephant simulacrum (IceCv)
  5 flying skulls (Abyss:3)
  2 spriggans
  4 air elementals
  16 yaks
  A ynoxinul (Abyss:3)
  A deep troll skeleton (Depths:1)
  A neqoxec (Abyss:3)
  A wraith (D:10)
  7 wyverns
  32 tarantellas
  7 basilisks
  5 water elementals
  A golden eye (shapeshifter) (Vaults:1)
  21 humans (D:13)
  2 hungry ghosts
  6 fire elementals
  5 golden eyes (Slime:1)
  3 steam dragons
  A chaos spawn (Orc:2)
  4 vampire mosquitoes
  Menkaure (D:6)
  5 wargs
  8 insubstantial wisps
  12 swamp worms
  3 mottled dragons
  A harpy simulacrum (IceCv)
  2 hydra simulacra (IceCv)
  8 hell hounds
  9 ice beasts
  Duvessa (D:6)
  13 water moccasins
  5 porcupines
  22 swamp drakes
  5 sky beasts
  4 black bears
  A phantom (D:7)
  42 orc warriors
  An ettin simulacrum (IceCv)
  5 eyes of draining
  4 wolves (Lair:4)
  22 ogres
  3 small abominations (Abyss:3)
  15 crocodiles
  20 centaurs
  2 big kobolds
  13 bullfrogs
  Dowan (D:6)
  A gnoll sergeant (D:9)
  3 earth elementals
  A water moccasin zombie (D:8)
  A wyvern skeleton (D:14)
  4 scorpions
  8 wights
  20 killer bees
  8 electric eels
  2 howler monkeys
  4 lava snakes (Lair:6)
  3 quasits
  28 starcursed masses (Abyss:3)
  2 centaur zombies
  2 hounds
  11 crimson imps
  6 centaur skeletons
  Crazy Yiuf (D:5)
  5 bullfrog skeletons
  24 orc priests
  14 jellies
  21 orc wizards
  An iron imp (Abyss:3)
  Jessica (D:3)
  Terence (D:3)
  5 iguanas
  13 worker ants
  A killer bee zombie (D:7)
  Robin (D:4)
  A howler monkey skeleton (D:6)
  16 gnolls
  14 adders
  2 shadow imps
  An ufetubus (Abyss:3)
  4 oozes
  2 adder skeletons
  3 adder zombies
  A worm (D:1)
  A dart slug (D:2)
  5 leopard geckos
  130 orcs
  6 bats
  6 giant cockroaches
  17 hobgoblins
  8 jackals
  5 quokkas
  3 frilled lizards
  14 goblins
  A jackal skeleton (D:6)
  9 kobolds
  9 rats
  A fire vortex (Volcano)
  2 starspawn tentacles (Abyss:3)
1526 creatures vanquished.

Vanquished Creatures (others)
  A wizard (Depths:1)
  A hornet (Spider:4)
  A redback (Spider:4)
  A water elemental (Elf:1)
  An ogre (Depths:1)
  A jelly (Abyss:3)
  A fire vortex (Volcano)
  A fungus (Lair:5)
  2 plants
  7 starspawn tentacles (Abyss:3)
  2 withered plants (Swamp:1)
19 creatures vanquished.

Grand Total: 1545 creatures vanquished

Notes
Turn   | Place    | Note
-------+----------+-------------------------------------------
     0 | D:1      | Pr0man the Vine Stalker Monk began the quest for the Orb.
     0 | D:1      | Reached XP level 1. HP: 11/11 MP: 2/2
   442 | D:1      | Reached XP level 2. HP: 11/16 MP: 3/3
   874 | D:2      | Reached skill level 4 in Unarmed Combat
   874 | D:2      | Reached XP level 3. HP: 18/19 MP: 4/4
  1209 | D:2      | Gained mutation: Your natural rate of healing is unusually fast. [Vine Stalker growth]
  1209 | D:2      | Reached XP level 4. HP: 14/23 MP: 5/5
  1423 | D:3      | Reached skill level 5 in Unarmed Combat
  1517 | D:3      | Found an iron altar of Okawaru.
  1561 | D:3      | Became a worshipper of Warmaster Okawaru
  1561 | D:3      | Reached * piety under Okawaru
  1561 | D:3      | Reached ** piety under Okawaru
  1671 | D:3      | Reached XP level 5. HP: 23/27 MP: 6/6
  1680 | D:3      | Noticed Jessica
  1692 | D:3      | Killed Jessica
  1938 | D:3      | Noticed Terence
  1948 | D:3      | Killed Terence
  1948 | D:3      | Reached skill level 6 in Unarmed Combat
  2022 | D:4      | Noticed Robin
  2458 | D:4      | Killed Robin
  2467 | D:4      | Reached XP level 6. HP: 32/32 MP: 4/7
  2746 | D:5      | Entered Level 5 of the Dungeon
  2770 | D:5      | Reached skill level 7 in Unarmed Combat
  2854 | D:5      | Found a glowing golden altar of the Shining One.
  2914 | D:5      | Reached *** piety under Okawaru
  2914 | D:5      | Reached XP level 7. HP: 29/35 MP: 6/8
  2926 | D:5      | Reached skill level 8 in Unarmed Combat
  2962 | D:5      | Noticed Pr0man's ghost (novice VSMo)
  2989 | D:5      | Killed Pr0man's ghost
  2989 | D:5      | Reached skill level 3 in Fighting
  2989 | D:5      | Reached skill level 3 in Dodging
  3161 | D:5      | Reached **** piety under Okawaru
  3161 | D:5      | Gained mutation: You have razor-sharp teeth. [Vine Stalker growth]
  3161 | D:5      | Reached XP level 8. HP: 42/42 MP: 9/9
  3195 | D:5      | Found a runed door.
  3199 | D:5      | Noticed Crazy Yiuf
  3204 | D:5      | Killed Crazy Yiuf
  3299 | D:5      | Reached skill level 4 in Fighting
  3535 | D:6      | Reached skill level 4 in Dodging
  3744 | D:6      | Noticed Duvessa
  3745 | D:6      | Noticed Dowan
  3762 | D:6      | Killed Duvessa
  3762 | D:6      | Reached skill level 5 in Fighting
  3766 | D:6      | Killed Dowan
  3901 | D:6      | Noticed Menkaure
  3910 | D:6      | Killed Menkaure
  3910 | D:6      | Reached skill level 5 in Dodging
  4019 | D:6      | Got an ancient plate armour
  4056 | D:6      | Identified the +7 plate armour of Seewy {+Inv +Fly MR+ Dex+4} (You found it on level 6 of the Dungeon)
  4088 | D:6      | Reached skill level 1 in Armour
  4133 | D:6      | Received a gift from Okawaru
  4133 | D:6      | Reached XP level 9. HP: 46/48 MP: 10/10
  4458 | D:7      | Reached skill level 6 in Fighting
  4520 | D:7      | Reached skill level 2 in Armour
  4655 | D:7      | Found a staircase to the Ecumenical Temple.
  4696 | D:7      | Reached ***** piety under Okawaru
  4696 | D:7      | Reached skill level 3 in Armour
  4830 | D:7      | Reached skill level 7 in Fighting
  5211 | D:7      | Reached skill level 4 in Armour
  5365 | D:8      | Received a gift from Okawaru
  5376 | D:8      | Got a spiked ring mail {god gift}
  5439 | D:8      | Found a staircase to the Lair.
  5445 | D:8      | Reached skill level 8 in Fighting
  5445 | D:8      | Reached XP level 10. HP: 56/56 MP: 11/11
  5500 | D:8      | Reached skill level 5 in Armour
  6031 | Lair:1   | Entered Level 1 of the Lair of Beasts
  6058 | Lair:1   | Noticed a spiny frog
  6073 | Lair:1   | Killed a spiny frog
  6073 | Lair:1   | Reached skill level 6 in Armour
  6182 | Lair:1   | You fall through a shaft!
  6386 | Lair:1   | Reached skill level 1 in Invocations
  6433 | Lair:1   | Reached skill level 9 in Fighting
  6723 | Lair:1   | Noticed a spiny frog
  6736 | Lair:1   | Killed a spiny frog
  6736 | Lair:1   | Reached skill level 2 in Invocations
  7121 | Lair:2   | Noticed a spiny frog
  7123 | Lair:2   | Noticed a spiny frog
  7190 | Lair:1   | Reached skill level 3 in Invocations
  7194 | Lair:1   | Reached skill level 9 in Unarmed Combat
  7209 | Lair:1   | Reached skill level 4 in Invocations
  7583 | D:9      | Reached XP level 11. HP: 62/62 MP: 15/15
  7695 | D:9      | Reached skill level 5 in Invocations
  8044 | D:10     | Entered Level 10 of the Dungeon
  8128 | D:10     | Noticed a centaur warrior
  8143 | D:10     | Killed a centaur warrior
  8143 | D:10     | Reached ****** piety under Okawaru
  8143 | D:10     | Reached skill level 10 in Unarmed Combat
  8197 | D:10     | Found Kixkip's Distillery.
  8205 | D:10     | Bought a potion of flight for 42 gold pieces
  8205 | D:10     | Bought 2 potions of agility for 112 gold pieces
  8205 | D:10     | Bought a potion of resistance for 140 gold pieces
  8351 | D:10     | Received a gift from Okawaru
  8360 | D:10     | Reached skill level 6 in Invocations
  8362 | D:10     | Noticed an orc knight
  8388 | D:10     | Killed an orc knight
  9438 | D:11     | Noticed a hill giant
  9450 | D:11     | Killed a hill giant
  9450 | D:11     | Reached skill level 7 in Invocations
 10124 | D:11     | Reached skill level 11 in Unarmed Combat
 10256 | D:11     | Noticed a green ugly thing
 10273 | D:11     | Killed a green ugly thing
 10547 | D:11     | Gained mutation: You heal very quickly. [Vine Stalker growth]
 10547 | D:11     | Reached XP level 12. HP: 63/66 MP: 18/18
 10665 | D:12     | Noticed a centaur warrior
 10679 | D:12     | Noticed Harold
 10858 | Lair:2   | Received a gift from Okawaru
 10905 | Lair:2   | Noticed a seven-headed hydra
 10920 | Lair:2   | Killed a seven-headed hydra
 10920 | Lair:2   | Reached skill level 7 in Armour
 10920 | Lair:2   | Reached skill level 12 in Unarmed Combat
 11600 | Lair:3   | Found a hole to the Spider Nest.
 11727 | Lair:3   | Found a staircase to the Swamp.
 12384 | Lair:3   | Identified a scroll of acquirement
 12521 | Lair:4   | Noticed a seven-headed hydra
 12538 | Lair:3   | Killed a seven-headed hydra
 12538 | Lair:3   | Reached skill level 13 in Unarmed Combat
 12913 | Lair:4   | Received a gift from Okawaru
 13157 | Lair:5   | Found a staircase to the Slime Pits.
 13350 | Lair:5   | Reached XP level 13. HP: 72/72 MP: 19/19
 13376 | Lair:5   | Reached skill level 10 in Fighting
 13447 | Lair:5   | Reached skill level 14 in Unarmed Combat
 13694 | Lair:5   | Reached skill level 2 in Shields
 13902 | Lair:6   | Entered Level 6 of the Lair of Beasts
 13927 | Lair:6   | Reached skill level 3 in Shields
 14321 | Lair:6   | Noticed braks's ghost (journeyman HOFE)
 14342 | Lair:6   | Killed braks's ghost
 14342 | Lair:6   | Reached skill level 4 in Shields
 14604 | Lair:6   | Received a gift from Okawaru
 14795 | Lair:6   | Noticed a fire dragon
 14799 | Lair:6   | Found a large runed door.
 14799 | Lair:6   | Found a large runed door.
 14810 | Lair:6   | Received a gift from Okawaru
 15082 | Lair:6   | Got a transparent hunting sling {god gift}
 15086 | Lair:6   | Identified the +9 hunting sling of the Pit {velocity, rN++} (Okawaru gifted it to you on level 6 of the Lair of Beasts)
 15426 | D:12     | Found a shimmering altar of Xom.
 15501 | D:12     | Reached skill level 11 in Fighting
 15626 | D:12     | Found a staircase to the Orcish Mines.
 15695 | D:12     | Reached skill level 15 in Unarmed Combat
 15708 | D:12     | Killed Harold
 15708 | D:12     | Received a gift from Okawaru
 15957 | D:12     | Reached XP level 14. HP: 66/79 MP: 18/20
 16248 | D:12     | Received a gift from Okawaru
 16631 | D:13     | Noticed Azrael
 16646 | D:13     | Killed Azrael
 16718 | D:13     | Noticed Rupert
 16733 | D:13     | Killed Rupert
 16733 | D:13     | Reached skill level 12 in Fighting
 16900 | D:13     | Found a gate to the Vaults.
 17073 | D:13     | Reached skill level 16 in Unarmed Combat
 17204 | D:13     | Noticed a tengu reaver
 17209 | D:13     | Noticed a frost giant
 17222 | D:13     | Received a gift from Okawaru
 17488 | D:13     | Killed a tengu reaver
 17488 | D:13     | Reached skill level 13 in Fighting
 17656 | D:13     | Identified the Volume of Weightlessness
 17743 | D:13     | Got an ancient platinum ring
 17745 | D:13     | Identified the ring "Rezibrisidgh" {rPois Int+4} (You found it on level 13 of the Dungeon)
 17759 | D:13     | Got an encrusted ring mail
 18071 | Orc:1    | Entered Level 1 of the Orcish Mines
 18203 | Orc:2    | Entered Level 2 of the Orcish Mines
 18282 | Orc:1    | Reached XP level 15. HP: 86/86 MP: 21/21
 18383 | Orc:1    | Received a gift from Okawaru
 18525 | Orc:1    | Found a dark tunnel.
 18534 | Volcano  | Entered a volcano
 18762 | Orc:2    | Found a staircase to the Elven Halls.
 19009 | Orc:2    | Found Hint's General Store.
 19014 | Orc:2    | Found Posujum's Distillery.
 19186 | Orc:2    | Bought a scroll of identify for 22 gold pieces
 19190 | Orc:2    | Bought a scroll of remove curse for 33 gold pieces
 19300 | Orc:2    | HP: 21/86 [orc warrior/short sword[an orc knight] (6)]
 19385 | Orc:2    | Reached skill level 17 in Unarmed Combat
 19534 | Orc:2    | Found a roughly hewn altar of Beogh.
 19568 | Orc:2    | Received a gift from Okawaru
 19900 | Orc:2    | Received a gift from Okawaru
 19900 | Orc:2    | Reached skill level 14 in Fighting
 19941 | Orc:2    | Found Ykoa's Gadget Emporium.
 19941 | Orc:2    | Found a one-way gate leading to the halls of Pandemonium.
 19941 | Orc:2    | Found Fuokin's Antique Armour Shoppe.
 19947 | Orc:2    | Bought a wand of teleportation (2/9) for 306 gold pieces
 20169 | Swamp:1  | Entered Level 1 of the Swamp
 20194 | Swamp:1  | Noticed a ghoul
 20195 | Swamp:1  | Noticed a ghoul
 20195 | Swamp:1  | Noticed a ghoul
 20196 | Swamp:1  | Noticed a ghoul
 20205 | Swamp:1  | Killed a ghoul
 20220 | Swamp:1  | Killed a ghoul
 20228 | Swamp:1  | Killed a ghoul
 20237 | Swamp:1  | Killed a ghoul
 20651 | Swamp:1  | Identified Vones's Catalogue of the Torrid Escort
 20923 | Swamp:2  | Received a gift from Okawaru
 21090 | Swamp:2  | Reached skill level 7 in Shields
 21090 | Swamp:2  | Reached XP level 16. HP: 93/93 MP: 22/22
 21122 | Swamp:2  | Received a gift from Okawaru
 21418 | Swamp:2  | Reached XP level 17. HP: 98/98 MP: 23/23
 21551 | Swamp:3  | Reached skill level 18 in Unarmed Combat
 22121 | Swamp:3  | Reached skill level 15 in Fighting
 22332 | Swamp:4  | Entered Level 4 of the Swamp
 22486 | Swamp:4  | Received a gift from Okawaru
 23040 | Swamp:4  | Got a decaying rune of Zot
 23359 | Spider:1 | Entered Level 1 of the Spider Nest
 23391 | Spider:1 | Received a gift from Okawaru
 23649 | Spider:1 | Noticed Donald
 23674 | Spider:1 | Killed Donald
 23674 | Spider:1 | Reached skill level 19 in Unarmed Combat
 23792 | Spider:1 | Reached skill level 16 in Fighting
 24350 | Spider:2 | Reached skill level 1 in Slings
 24440 | Spider:2 | Reached skill level 8 in Shields
 24509 | Spider:2 | Reached skill level 2 in Slings
 24509 | Spider:2 | Reached XP level 18. HP: 98/105 MP: 21/24
 24623 | Spider:2 | Noticed Arachne
 24634 | Spider:2 | Killed Arachne
 24634 | Spider:2 | Reached skill level 3 in Slings
 24949 | Spider:2 | Received a gift from Okawaru
 25022 | Spider:3 | Reached skill level 4 in Slings
 25258 | Spider:3 | Reached skill level 9 in Shields
 25746 | Spider:4 | Entered Level 4 of the Spider Nest
 25782 | Spider:4 | Reached skill level 5 in Slings
 26239 | Spider:4 | Received a gift from Okawaru
 26253 | Spider:4 | Reached skill level 6 in Slings
 26292 | Spider:4 | Reached skill level 10 in Shields
 26531 | Spider:4 | Received a gift from Okawaru
 26637 | Spider:4 | Reached skill level 7 in Slings
 26860 | Spider:4 | Got a gossamer rune of Zot
 27323 | Elf:1    | Entered Level 1 of the Elven Halls
 27380 | Elf:1    | Reached skill level 11 in Shields
 27473 | Elf:1    | Found a frozen archway.
 27519 | IceCv    | Entered an ice cave
 27563 | IceCv    | HP: 31/105 [ettin simulacrum (10)]
 28020 | Elf:1    | Reached XP level 19. HP: 105/109 MP: 25/25
 28191 | Elf:1    | Received a gift from Okawaru
 28192 | Elf:1    | Reached skill level 12 in Shields
 28793 | Elf:2    | Noticed dobroeutro's ghost (adept GrFi)
 28803 | Elf:2    | Killed dobroeutro's ghost
 28803 | Elf:2    | Reached skill level 13 in Shields
 29097 | Elf:2    | Found a huge runed gate.
 29100 | Elf:2    | Found a huge runed gate.
 29100 | Elf:2    | Found a huge runed gate.
 29102 | Elf:2    | Found a huge runed gate.
 29102 | Elf:2    | Found a huge runed gate.
 29195 | Elf:2    | Received a gift from Okawaru
 29484 | Elf:2    | Received a gift from Okawaru
 29488 | Elf:2    | Reached skill level 14 in Shields
 29674 | Elf:2    | Noticed Agnes
 29687 | Elf:2    | Killed Agnes
 29789 | Elf:3    | Entered Level 3 of the Elven Halls
 29824 | Elf:3    | Received a gift from Okawaru
 29853 | Elf:3    | Found Inygehem's Antique Weapon Emporium.
 30502 | Elf:3    | Received a gift from Okawaru
 30502 | Elf:3    | Reached skill level 15 in Shields
 30936 | Elf:3    | Received a gift from Okawaru
 30948 | Elf:3    | Reached XP level 20. HP: 58/114 MP: 24/26
 31004 | Elf:3    | HP: 28/114 [deep elf master archer/arrow (10)]
 31424 | Elf:3    | Got a polished chain mail
 31496 | Elf:3    | Reached skill level 16 in Shields
 31533 | Elf:3    | Identified the Guide on Hexes and Evil Rituals
 32301 | Elf:3    | Received a gift from Okawaru
 32418 | Elf:3    | Got a transparent morningstar {antimagic}
 32457 | Elf:3    | Identified the Almanac of the Glacier and the Oath
 32795 | Lair:1   | arkorax: heyo
 32795 | Lair:1   | arkorax: not going CPA?
 32795 | Lair:1   | Pr0man: well
 32795 | Lair:1   | Pr0man: not really seeing a reason with that plate :D
 32811 | Lair:1   | arkorax: ok :)
 32811 | Lair:1   | Pr0man: trying to figure out where to go next
 32811 | Lair:1   | Pr0man: if I had rCorr I'd go slime pits
 32811 | Lair:1   | Pr0man: oh..
 32901 | Slime:1  | Entered Level 1 of the Pits of Slime
 32978 | Slime:1  | Pr0man: ouch, yeah forgot those hit pretty hard
 33440 | Slime:2  | Received a gift from Okawaru
 33503 | Slime:2  | Gained mutation: You occasionally shout uncontrollably at your foes. [a shining eye]
 33507 | Slime:2  | Gained mutation: You are clumsy. (Dex -2) [a shining eye]
 33986 | D:14     | Noticed Frances
 33995 | D:14     | Killed Frances
 34011 | D:14     | Found a labyrinth entrance.
 34024 | Lab      | Entered a labyrinth
 34091 | Lab      | Reached skill level 17 in Fighting
 34148 | D:14     | Found a sacrificial altar of Ru.
 34925 | D:15     | Entered Level 15 of the Dungeon
 34953 | D:15     | Found Nifamuqusy's Elemental Accessories.
 35225 | D:15     | Found a staircase to the Depths.
 35399 | D:15     | Found a portal to a secret trove of treasure.
 35512 | Trove    | Entered a treasure trove
 35534 | Trove    | arkorax: wow
 35542 | Trove    | arkorax: this sucked
 35677 | Depths:1 | Entered Level 1 of the Depths
 36158 | Depths:1 | Reached skill level 18 in Fighting
 36167 | Depths:1 | Reached XP level 21. HP: 73/123 MP: 24/27
 36190 | Depths:1 | HP: 29/123 [stone giant/large rock (26)]
 36204 | Depths:1 | HP: 33/123 [hell knight/demon trident of distortion (16)]
 36204 | Depths:1 | Cast into level 3 of the Abyss (hell knight)
 36389 | Abyss:3  | Paralysed by accursed screaming for 2 turns
 36401 | Abyss:3  | Paralysed by accursed screaming for 2 turns
 36547 | Abyss:3  | arkorax: for real
 36554 | Abyss:3  | arkorax: D10 snorg
 36555 | Abyss:3  | Pr0man: What?
 36555 | Abyss:3  | Pr0man: I only see him in Orc
 36555 | Abyss:3  | arkorax: wtf is going on with this game
 36572 | Abyss:3  | arkorax: no teleport too
 36591 | Abyss:3  | arkorax: he insta berserked
 36600 | Abyss:3  | arkorax: and 2 shot me
 36603 | Depths:1 | Escaped the Abyss
 36740 | Depths:1 | Pr0man: bah
 36740 | Depths:1 | Pr0man: that's lam
 36740 | Depths:1 | Pr0man: e
 36854 | Depths:1 | Found a gateway to Hell.
 36985 | Depths:1 | Reached skill level 19 in Fighting
 37487 | Vaults:1 | Entered Level 1 of the Vaults
 37606 | Vaults:1 | Found Gycacias's Assorted Antiques.
 37621 | Vaults:1 | Pr0man: heh, lajatang of order
 37621 | Vaults:1 | Bought a scroll of teleportation for 93 gold pieces
 37621 | Vaults:1 | Bought a scroll of fear for 108 gold pieces
 37621 | Vaults:1 | Bought a scroll of identify for 62 gold pieces
 37621 | Vaults:1 | arkorax: hey
 37621 | Vaults:1 | arkorax: that plate you have
 37621 | Vaults:1 | Pr0man: i had like 6 unrands
 37621 | Vaults:1 | arkorax: isnt that amazing
 37621 | Vaults:1 | Pr0man: no shit, that thing's awesome
 37621 | Vaults:1 | arkorax: got any GDA?
 37621 | Vaults:1 | Pr0man: found that on d:6
 37621 | Vaults:1 | Pr0man: no idea
 37694 | Vaults:1 | arkorax: its awesome yea but could be better ;p
 37834 | Vaults:1 | arkorax: do you have a CPA with rF/rC?
 37849 | Vaults:1 | Pr0man: nope
 37849 | Vaults:1 | Pr0man: just +1
 38047 | Lair:1   | arkorax: ah ok
 38454 | Vaults:1 | Reached skill level 8 in Armour
 38884 | Vaults:2 | arkorax: check exe axe for fun ;p
 38884 | Vaults:2 | Pr0man: bling bling time
 38884 | Vaults:2 | Pr0man: bazaar
 38927 | Vaults:2 | Reached skill level 9 in Armour
 38951 | Vaults:2 | HP: 8/126 [crystal guardian/crystal bolt[a boggart] (39)]
 38953 | Vaults:2 | Killed from afar by a crystal guardian

Vault maps used:
D:1:      dpeg_arrival_shelter, serial_forest, infiniplex_forest_clump_C,
          infiniplex_forest_clump_diagonal, infiniplex_forest_lined_room_,
          infiniplex_forest_end_2, infiniplex_forest_straight_2,
          infiniplex_forest_clump_long, minmay_misc_feat_rows
D:2:      hangedman_decor_points
D:3:      first_bread, okawaru_trees_2, uniq_terence, uniq_jessica
D:4:      serial_park_tiny_1, uniq_robin
D:5:      basic_altar, uniq_crazy_yiuf_cottage
D:6:      lemuel_upstairs_altar, uniq_menkaure, uniq_duvessa
D:8:      lair_0_dummy
D:10:     cheibrodos_orc_bank, serial_shops, nicolae_shop_stone
D:11:     hangedman_fish_farm, nicolae_looking_at_the_future
D:12:     david_orc_2, basic_altar, uniq_harold
D:13:     evilmike_diamond_1, grunt_vaults_entry_tiered, uniq_rupert,
          uniq_azrael
D:14:     nicolae_ru_sacrificial_ziggurat, lab_entry_generic, uniq_frances
D:15:     hangedman_depths_entry_civil_slaughter,
          nicolae_trove_entry_free_sample, moated_statue, nicolae_two_hexagons,
          nicolae_elemental_shop
Lair:1:   fungi_pond_lemuel, serial_bayou_shore_b
Lair:2:   lemuel_fruit_fields
Lair:3:   minmay_swamp_entry_reptiles, dummy_spider_entry, grunt_megastairs_1,
          infiniplex_staircase_pool
Lair:5:   minmay_slime_entry_jelly_boxes, serial_bayou_crossing,
          lemuel_fruit_tree
Lair:6:   cheibrodos_lair_end_hotspot
Swamp:1:  serial_swamp_ruin, evilmike_swamp_ruin_house_2,
          evilmike_swamp_ruin_house_4, evilmike_swamp_ruin_rubble_2,
          swamp_pool1, st_shrine_of_shade
Swamp:2:  cheibrodos_swamp_heart_of_darkness, nicolae_swamp_round_clearing
Swamp:3:  evilmike_swamp_ruin_wall
Swamp:4:  swamp_basic_johnstein, swamp_pool1
Spider:1: uniq_donald
Spider:2: spider_trap, uniq_arachne
Spider:4: grunt_spider_rune_parallel
Slime:2:  nicolae_slime_barrier, cheibrodos_slime_lost_civilization_6
Orc:1:    lightli_volcano_entry_magma_tube
Orc:2:    pf_orc_diabolical, nicolae_orc_lost_temple
Elf:1:    portal_ice_cave_entry_pillars_three, kennysheep_underground_church,
          minmay_misc_feat_pillars, minivault_15
Elf:2:    uniq_agnes
Elf:3:    minmay_elf_hall_dome, serial_glass, glass_columns_b, glass_columns_b,
          glass_columns_b, glass_columns_b, glass_columns_a, glass_columns_b,
          glass_columns_b, glass_columns_c, serial_shops, shop,
          columned_hall_lemuel, stair_cage_wide, dk_noncrumbling_4
Vaults:1: ontoclasm_vaults_gateway, minmay_guarded_unrand_guard_vaults,
          vaults_dpeg_encased_lava, v_pattern_4, hangedman_vaults_river_flow,
          ontoclasm_vaults_ring_large, hangedman_vaults_corner_blocks,
          vaults_dpeg_hooks, vaults_room_mumra_shop_pool,
          vaults_mumra_minichess, vaults_dpeg_cross
Vaults:2: v_misc_5, minmay_crypt_entry_skeletal_spiral,
          nicolae_vaults_yaktaur_gun_rack, nicolae_vaults_little_squares_3,
          nicolae_vaults_asterisk, nicolae_vaults_border_crossing, v_rooms_5,
          dpeg_vaults_monster_row, ontoclasm_vaults_fault,
          ontoclasm_vaults_ring_small, serial_shops, bzr_entry_road, uniq_nikola
Depths:1: pf_hell_entry_tar_river, lemuel_statue_altar,
          hangedman_decor_opposing, minmay_misc_feat_hallway, feat_on_display,
          kennysheep_random_hallway
Abyss:3:  minivault_1, nicolae_abyss_rune_star_stuff
Lab:      nicolae_lab_plus, nicolae_lab_grate_2, labyrinth_glass_1,
          nicolae_lab_dead_end, nicolae_lab_statue, lab_hedge,
          nicolae_lab_grate, nicolae_lab_garden, nicolae_lab_x,
          nicolae_lab_checkerboard
Trove:    trove_simple
IceCv:    ice_cave_statue_garden_chambered
Volcano:  volcano_pools

Skill      XL: |  1  2  3  4  5  6  7  8  9 10 11 12 13 14 15 16 17 18 19 20 21 |
---------------+----------------------------------------------------------------+-----
Unarmed Combat | 4 5 6 7 8 9 11 13 15 16 17 19 | 19.0
Fighting       | 3 5 8 9 11 13 14 16 18 19 | 19.5
Dodging        | 3 5 |  5.0
Armour         | 1 4 6 7 9 |  9.0
Invocations    | 4 7 |  7.2
Shields        | 4 7 8 11 15 16 | 16.4
Slings         | 2 7 |  7.3
Stealth        | |  2.4

Action                   |  1- 3 |  4- 6 |  7- 9 | 10-12 | 13-15 | 16-18 | 19-21 || total
-------------------------+-------+-------+-------+-------+-------+-------+-------++-------
Melee: Unarmed           |    74 |   228 |   335 |   907 |  1395 |  1218 |  1753 ||  5910
       Bite              |    24 |    61 |   121 |   407 |   586 |   535 |   856 ||  2590
       Punch             |     2 |     6 |    14 |    34 |     7 |       |       ||    63
 Fire: Hunting sling     |       |       |       |       |       |    39 |       ||    39
Invok: Heroism           |       |     2 |     5 |    13 |    24 |    19 |    18 ||    81
       Finesse           |       |       |       |     1 |     3 |     2 |     5 ||    11
Evoke: Wand              |       |       |       |     1 |       |     2 |       ||     3
  Use: Scroll            |       |     5 |     2 |    12 |    18 |    13 |    12 ||    62
       Potion            |       |       |       |       |     1 |     1 |       ||     2
 Stab: Sleeping          |     1 |     2 |     6 |       |       |       |     1 ||    10
  Eat: Chunk             |     1 |     6 |     8 |    18 |    15 |    19 |    22 ||    89
       Bread ration      |       |       |       |     3 |       |       |     1 ||     4
       Beef jerky        |       |       |       |     1 |       |       |       ||     1
       Meat ration       |       |       |       |       |     2 |     1 |     2 ||     5
Armor: Scale mail        |    31 |    34 |       |       |       |       |       ||    65
       Robe              |     1 |     3 |    28 |       |       |       |       ||    32
       Chain mail        |       |    65 |       |       |       |       |       ||    65
       Plate armour      |       |       |    98 |   513 |   617 |   833 |   551 ||  2612
Dodge: Dodged            |    32 |   123 |   209 |   480 |   440 |   444 |   288 ||  2016
Block: Buckler           |       |       |       |       |   432 |   304 |       ||   736
       Shield            |       |       |       |       |       |   469 |   936 ||  1405

Table legend:
 A = Turns spent in this place as a percentage of turns spent in the entire game.
 B = Non-inter-level travel turns spent in this place as a percentage of non-inter-level travel turns spent in the entire game.
 C = Inter-level travel turns spent in this place as a percentage of turns spent in this place.
 D = Turns resting spent in this place as a percentage of non-inter-level travel turns spent in this place.
 E = Turns spent auto-exploring this place as a percentage of non-inter-level travel turns spent in this place.
 F = Non-inter-level travel turns spent in this place divided by the number of levels of this place that you've seen.
                   A       B       C       D       E      F
               +-------+-------+-------+-------+-------+----------------------
         Total | 100.0 | 100.0 |   0.7 |   2.2 |   6.3 | 371.0
       Dungeon |  32.1 |  32.1 |   0.8 |   1.1 |   8.2 | 348.9
          Lair |  13.0 |  12.9 |   1.9 |   3.1 |   7.3 | 350.3
         Swamp |   8.0 |   8.0 |   0.6 |   3.1 |   7.0 | 326.8
   Spider Nest |  12.3 |  12.3 |   0.3 |   2.3 |   5.0 | 503.5
    Slime Pits |   2.0 |   2.0 |   0.6 |   2.4 |   2.7 | 164.0
  Orcish Mines |   6.0 |   6.0 |   0.4 |   2.3 |   5.6 | 488.0
   Elven Halls |  14.7 |  14.8 |   0.3 |   3.4 |   4.8 | 804.7
        Vaults |   3.1 |   3.1 |   0.4 |   0.8 |   6.1 | 253.0
        Depths |   4.3 |   4.3 |   0.3 |   2.0 |   5.3 | 701.0
         Abyss |   1.9 |   1.9 |   0.0 |   2.6 |   1.6 | 306.0
     Labyrinth |   0.6 |   0.6 |   0.0 |   0.0 |   0.0 | 104.0
         Trove |   0.2 |   0.2 |   0.0 |   0.0 |   0.0 |  32.0
      Ice Cave |   0.9 |   0.9 |   0.0 |   4.2 |   0.0 | 144.0
       Volcano |   0.9 |   1.0 |   0.0 |   0.0 |   0.0 | 156.0
               +-------+-------+-------+-------+-------+----------------------

Vault maps used:
D:1:      dpeg_arrival_shelter, serial_forest, infiniplex_forest_clump_C,
          infiniplex_forest_clump_diagonal, infiniplex_forest_lined_room_,
          infiniplex_forest_end_2, infiniplex_forest_straight_2,
          infiniplex_forest_clump_long, minmay_misc_feat_rows
D:2:      hangedman_decor_points
D:3:      first_bread, okawaru_trees_2, uniq_terence, uniq_jessica
D:4:      serial_park_tiny_1, uniq_robin
D:5:      basic_altar, uniq_crazy_yiuf_cottage
D:6:      lemuel_upstairs_altar, uniq_menkaure, uniq_duvessa
D:8:      lair_0_dummy
D:10:     cheibrodos_orc_bank, serial_shops, nicolae_shop_stone
D:11:     hangedman_fish_farm, nicolae_looking_at_the_future
D:12:     david_orc_2, basic_altar, uniq_harold
D:13:     evilmike_diamond_1, grunt_vaults_entry_tiered, uniq_rupert,
          uniq_azrael
D:14:     nicolae_ru_sacrificial_ziggurat, lab_entry_generic, uniq_frances
D:15:     hangedman_depths_entry_civil_slaughter,
          nicolae_trove_entry_free_sample, moated_statue, nicolae_two_hexagons,
          nicolae_elemental_shop
Lair:1:   fungi_pond_lemuel, serial_bayou_shore_b
Lair:2:   lemuel_fruit_fields
Lair:3:   minmay_swamp_entry_reptiles, dummy_spider_entry, grunt_megastairs_1,
          infiniplex_staircase_pool
Lair:5:   minmay_slime_entry_jelly_boxes, serial_bayou_crossing,
          lemuel_fruit_tree
Lair:6:   cheibrodos_lair_end_hotspot
Swamp:1:  serial_swamp_ruin, evilmike_swamp_ruin_house_2,
          evilmike_swamp_ruin_house_4, evilmike_swamp_ruin_rubble_2,
          swamp_pool1, st_shrine_of_shade
Swamp:2:  cheibrodos_swamp_heart_of_darkness, nicolae_swamp_round_clearing
Swamp:3:  evilmike_swamp_ruin_wall
Swamp:4:  swamp_basic_johnstein, swamp_pool1
Spider:1: uniq_donald
Spider:2: spider_trap, uniq_arachne
Spider:4: grunt_spider_rune_parallel
Slime:2:  nicolae_slime_barrier, cheibrodos_slime_lost_civilization_6
Orc:1:    lightli_volcano_entry_magma_tube
Orc:2:    pf_orc_diabolical, nicolae_orc_lost_temple
Elf:1:    portal_ice_cave_entry_pillars_three, kennysheep_underground_church,
          minmay_misc_feat_pillars, minivault_15
Elf:2:    uniq_agnes
Elf:3:    minmay_elf_hall_dome, serial_glass, glass_columns_b, glass_columns_b,
          glass_columns_b, glass_columns_b, glass_columns_a, glass_columns_b,
          glass_columns_b, glass_columns_c, serial_shops, shop,
          columned_hall_lemuel, stair_cage_wide, dk_noncrumbling_4
Vaults:1: ontoclasm_vaults_gateway, minmay_guarded_unrand_guard_vaults,
          vaults_dpeg_encased_lava, v_pattern_4, hangedman_vaults_river_flow,
          ontoclasm_vaults_ring_large, hangedman_vaults_corner_blocks,
          vaults_dpeg_hooks, vaults_room_mumra_shop_pool,
          vaults_mumra_minichess, vaults_dpeg_cross
Vaults:2: v_misc_5, minmay_crypt_entry_skeletal_spiral,
          nicolae_vaults_yaktaur_gun_rack, nicolae_vaults_little_squares_3,
          nicolae_vaults_asterisk, nicolae_vaults_border_crossing, v_rooms_5,
          dpeg_vaults_monster_row, ontoclasm_vaults_fault,
          ontoclasm_vaults_ring_small, serial_shops, bzr_entry_road, uniq_nikola
Depths:1: pf_hell_entry_tar_river, lemuel_statue_altar,
          hangedman_decor_opposing, minmay_misc_feat_hallway, feat_on_display,
          kennysheep_random_hallway
Abyss:3:  minivault_1, nicolae_abyss_rune_star_stuff
Lab:      nicolae_lab_plus, nicolae_lab_grate_2, labyrinth_glass_1,
          nicolae_lab_dead_end, nicolae_lab_statue, lab_hedge,
          nicolae_lab_grate, nicolae_lab_garden, nicolae_lab_x,
          nicolae_lab_checkerboard
Trove:    trove_simple
IceCv:    ice_cave_statue_garden_chambered
Volcano:  volcano_pools
